PCL
MEXICO CITY CERVECEROS @ ALBUQUERQUE ISOTOPES
07/14/2027
 
TOP OF THE 1ST
Mexico City Cerveceros batting - Pitching for Albuquerque Isotopes : RHP Mark Sanders
Pitching: RHP Mark Sanders
Batting: LHB Javier Escobedo 0-0: Ball
1-0: Foul Ball, location: 2F
1-1: Ball
2-1: Ball
3-1: Swinging Strike
3-2: SINGLE (Line Drive, 89S)
Batting: RHB Tae-kwon Kwon 0-0: Ball
1-0: Swinging Strike
1-1: Ball
2-1: SINGLE (Groundball, 56) (infield hit)
Javier Escobedo to second
Batting: LHB Richard Hunter 0-0: Ball
1-0: Foul Ball, location: 2F
1-1: Fly out, F8 (Flyball, 8LM)
Batting: LHB Eduardo Gómez 0-0: Foul Ball, location: 2F
0-1: Ball
1-1: Ball
2-1: Foul Ball, location: 2F
2-2: Ball
3-2: DOUBLE (Line Drive, 7LM)
Javier Escobedo scores
Tae-kwon Kwon to third
Batting: RHB Hamilton Holbrook 0-0: Foul Ball, location: 2F
0-1: Ball
1-1: Called Strike
1-2: Foul Ball, location: 2F
1-2: Strikes out swinging
Batting: RHB Dennis Stephenson 0-0: Ground out U3 (Groundball, 34)
Top of the 1st over - 1 run(s), 3 hit(s), 0 error(s), 2 left on base; Mexico City 1 - Albuquerque 0
BOTTOM OF THE 1ST
Albuquerque Isotopes batting - Pitching for Mexico City Cerveceros : RHP Josh Schmitt
Pitching: RHP Josh Schmitt
Batting: RHB Arturo García 0-0: Ball
1-0: Foul Ball, location: 2F
1-1: Foul Ball, location: 2F
1-2: Ball
2-2: Foul Ball, location: 2F
2-2: SINGLE (Flyball, 89M)
Batting: RHB Gonzalo Gil 0-0: Ball
1-0: Ball
2-0: Called Strike
2-1: Foul Ball, location: 2F
2-2: Grounds into double play, 6-4-3 (Groundball, 6)
Batting: LHB Bernardo Montés 0-0: Ball
1-0: Ball
2-0: Swinging Strike
2-1: Foul Ball, location: 2F
2-2: Ball
3-2: Base on Balls
Batting: LHB Mark Vestal 0-0: Ball
1-0: Ball
2-0: Called Strike
2-1: Swinging Strike
2-2: Ball
3-2: Base on Balls
Bernardo Montés to second
Batting: LHB António De Los Ángeles 0-0: Ball
1-0: Ball
2-0: Ball
3-0: Base on Balls
Bernardo Montés to third
Mark Vestal to second
Batting: RHB Alfonso Huertas 0-0: Called Strike
0-1: DOUBLE (Line Drive, 7LM)
Bernardo Montés scores
Mark Vestal scores
António De Los Ángeles to third
Batting: RHB Juan Alberto 0-0: Called Strike
0-1: Swinging Strike
Passed Ball!
António De Los Ángeles scores
Alfonso Huertas to third
0-2: Ball
1-2: Strikes out swinging
Bottom of the 1st over - 3 run(s), 2 hit(s), 0 error(s), 1 left on base; Mexico City 1 - Albuquerque 3
TOP OF THE 2ND
Mexico City Cerveceros batting - Pitching for Albuquerque Isotopes : RHP Mark Sanders
Batting: LHB Gary Kern 0-0: Called Strike
0-1: Ball
1-1: SINGLE (Line Drive, 4D)
Batting: RHB Robinson Pacheco 0-0: Ball
1-0: Foul Ball, location: 2F
1-1: Swinging Strike
1-2: Ball
2-2: Fly out, F5 (Line Drive, 5)
Batting: LHB Juan García 0-0: Ball
1-0: Grounds into double play, 4-6-3 (Groundball, 4)
Top of the 2nd over - 0 run(s), 1 hit(s), 0 error(s), 0 left on base; Mexico City 1 - Albuquerque 3
BOTTOM OF THE 2ND
Albuquerque Isotopes batting - Pitching for Mexico City Cerveceros : RHP Josh Schmitt
Batting: RHB Lorenzo Ayala 0-0: Ball
1-0: Fly out, F9 (Flyball, 9LS)
Batting: LHB A.J. Major 0-0: Foul Ball, location: 2F
0-1: Ball
1-1: Ball
2-1: Foul Ball, location: 2F
2-2: Ball
3-2: Strikes out swinging
Batting: RHB Arturo García 0-0: Called Strike
0-1: Ball
1-1: Ball
2-1: Ball
3-1: Base on Balls
Batting: RHB Gonzalo Gil 0-0: Ball
Arturo García steals 2nd base
1-0: Ball
2-0: Foul Ball, location: 2F
2-1: Fly out, F7 (Flyball, 78D)
Bottom of the 2nd over - 0 run(s), 0 hit(s), 0 error(s), 1 left on base; Mexico City 1 - Albuquerque 3
TOP OF THE 3RD
Mexico City Cerveceros batting - Pitching for Albuquerque Isotopes : RHP Mark Sanders
Batting: LHB Javier Escobedo 0-0: Called Strike
0-1: SINGLE (Line Drive, 34D)
Batting: RHB Tae-kwon Kwon 0-0: Foul Ball, location: 2F
0-1: Ball
1-1: Called Strike
1-2: Foul Ball, location: 2F
1-2: Foul Ball, location: 2F
1-2: Ball
2-2: Foul Ball, location: 2F
2-2: SINGLE (Groundball, 4D)
Javier Escobedo to second
Javier Escobedo to third
Batting: LHB Richard Hunter 0-0: Called Strike
0-1: Ball
1-1: Swinging Strike
1-2: 3-RUN HOME RUN (Flyball, 9D), Distance : 375 ft
Batting: LHB Eduardo Gómez 0-0: Foul Ball, location: 2F
0-1: Fly out, F8 (Line Drive, 8RM)
Batting: RHB Hamilton Holbrook 0-0: Ground out 6-3 (Groundball, 56D)
Batting: RHB Dennis Stephenson 0-0: Fly out, F7 (Line Drive, 7D)
Top of the 3rd over - 3 run(s), 3 hit(s), 0 error(s), 0 left on base; Mexico City 4 - Albuquerque 3
BOTTOM OF THE 3RD
Albuquerque Isotopes batting - Pitching for Mexico City Cerveceros : RHP Josh Schmitt
Batting: LHB Bernardo Montés 0-0: Foul Ball, location: 2F
0-1: Swinging Strike
0-2: Ground out 4-3 (Groundball, 34)
Batting: LHB Mark Vestal 0-0: Ball
1-0: Ball
2-0: Called Strike
2-1: Foul Ball, location: 2F
2-2: Strikes out swinging
Batting: LHB António De Los Ángeles 0-0: Ball
1-0: Ball
2-0: SINGLE (Flyball, 9LS)
Batting: RHB Alfonso Huertas 0-0: Ball
1-0: Called Strike
1-1: Ball
2-1: Swinging Strike
2-2: Ball
3-2: Base on Balls
António De Los Ángeles to second
Batting: RHB Juan Alberto 0-0: SINGLE (Flyball, 6MD)
António De Los Ángeles to third
Alfonso Huertas to second
Runner from 3rd tries for Home, SAFE, no throw
Batting: RHB Lorenzo Ayala 0-0: Called Strike
0-1: Ball
1-1: Ground out 3-1 (Groundball, 34S)
Bottom of the 3rd over - 1 run(s), 2 hit(s), 0 error(s), 2 left on base; Mexico City 4 - Albuquerque 4
TOP OF THE 4TH
Mexico City Cerveceros batting - Pitching for Albuquerque Isotopes : RHP Mark Sanders
Batting: LHB Gary Kern 0-0: Fly out, F9 (Line Drive, 9)
Batting: RHB Robinson Pacheco 0-0: Ball
1-0: Called Strike
1-1: Called Strike
1-2: Ball
2-2: Ball
3-2: Foul Ball, location: 2F
3-2: Base on Balls
Batting: LHB Juan García 0-0: 2-RUN HOME RUN (Flyball, 9D), Distance : 386 ft
Pitching: RHP Kenny Skinner
Batting: LHB Javier Escobedo 0-0: Called Strike
0-1: SINGLE (Groundball, 4MD)
Pitching: RHP Manny Muñóz
Batting: RHB Tae-kwon Kwon 0-0: Ball
1-0: Swinging Strike
1-1: Ball
2-1: Fly out, F4 (Popup, 4D)
Batting: LHB Richard Hunter 0-0: Called Strike
0-1: Swinging Strike
0-2: SINGLE (Groundball, 34D)
Javier Escobedo to second
Runner from 2nd tries for 3rd, SAFE, throw made to third
Batting: LHB Eduardo Gómez 0-0: Ball
1-0: Called Strike
1-1: Called Strike
1-2: Foul Ball, location: 2F
1-2: Foul Ball, location: 2F
1-2: Strikes out swinging
Top of the 4th over - 2 run(s), 3 hit(s), 0 error(s), 2 left on base; Mexico City 6 - Albuquerque 4
BOTTOM OF THE 4TH
Albuquerque Isotopes batting - Pitching for Mexico City Cerveceros : RHP Josh Schmitt
Batting: LHB A.J. Major 0-0: Ball
1-0: Ground out 5-3 (Groundball, 56S)
Batting: RHB Arturo García 0-0: Called Strike
0-1: Fly out, F7 (Line Drive, 7)
Batting: RHB Gonzalo Gil 0-0: Ground out 6-3 (Groundball, 6)
Bottom of the 4th over - 0 run(s), 0 hit(s), 0 error(s), 0 left on base; Mexico City 6 - Albuquerque 4
TOP OF THE 5TH
Mexico City Cerveceros batting - Pitching for Albuquerque Isotopes : RHP Manny Muñóz
Batting: RHB Hamilton Holbrook 0-0: Ball
1-0: Ball
2-0: Called Strike
2-1: Ball
3-1: Swinging Strike
3-2: Strikes out swinging
Batting: RHB Dennis Stephenson 0-0: Ball
1-0: Ball
2-0: Ball
3-0: Called Strike
3-1: Foul Ball, location: 2F
3-2: SINGLE (Groundball, 6MD)
Batting: LHB Gary Kern 0-0: Ball
1-0: Ball
2-0: Ball
3-0: Base on Balls
Dennis Stephenson to second
Batting: RHB Robinson Pacheco 0-0: Ball
1-0: Ball
2-0: Called Strike
2-1: Foul Ball, location: 2F
2-2: Foul Ball, location: 2F
2-2: 3-RUN HOME RUN (Flyball, 7D), Distance : 366 ft
Batting: LHB Juan García 0-0: Ball
1-0: Ball
2-0: Ball
3-0: Called Strike
3-1: Base on Balls
Batting: LHB Javier Escobedo 0-0: Ball
1-0: Foul Ball, location: 2F
1-1: Foul Ball, location: 2F
1-2: 2-RUN HOME RUN (Flyball, 8RXD), Distance : 433 ft
Batting: RHB Tae-kwon Kwon 0-0: Ball
1-0: Ball
2-0: Ball
3-0: Base on Balls
Batting: LHB Richard Hunter 0-0: Ball
1-0: Swinging Strike
1-1: Ball
2-1: Ball
3-1: Base on Balls
Tae-kwon Kwon to second
Batting: LHB Eduardo Gómez 0-0: Fly out, F3 (Popup, 3S)
Batting: RHB Hamilton Holbrook 0-0: Called Strike
0-1: Swinging Strike
0-2: Ball
1-2: Strikes out swinging
Top of the 5th over - 5 run(s), 3 hit(s), 0 error(s), 2 left on base; Mexico City 11 - Albuquerque 4
BOTTOM OF THE 5TH
Albuquerque Isotopes batting - Pitching for Mexico City Cerveceros : RHP Josh Schmitt
Batting: LHB Bernardo Montés 0-0: Foul Ball, location: 2F
0-1: Ball
1-1: Ball
2-1: Foul Ball, location: 2F
2-2: Ball
3-2: Base on Balls
Batting: LHB Mark Vestal 0-0: Ball
1-0: Ball
2-0: Ball
3-0: Base on Balls
Bernardo Montés to second
Pitching: RHP Tex Perkins
Batting: LHB António De Los Ángeles 0-0: Ball
1-0: Called Strike
1-1: Called Strike
1-2: Ball
2-2: Ball
3-2: Strikes out swinging
Batting: RHB Alfonso Huertas 0-0: Ball
1-0: Ball
2-0: Called Strike
2-1: 3-RUN HOME RUN (Flyball, 9D), Distance : 374 ft
Batting: RHB Juan Alberto 0-0: Called Strike
0-1: Ball
1-1: Swinging Strike
1-2: Foul Ball, location: 2F
1-2: Ball
2-2: Ball
3-2: Strikes out swinging
Batting: RHB Lorenzo Ayala 0-0: Called Strike
0-1: Foul Ball, location: 2F
0-2: Strikes out looking
Bottom of the 5th over - 3 run(s), 1 hit(s), 0 error(s), 0 left on base; Mexico City 11 - Albuquerque 7
TOP OF THE 6TH
Mexico City Cerveceros batting - Pitching for Albuquerque Isotopes : RHP Manny Muñóz
Batting: RHB Dennis Stephenson 0-0: Ball
1-0: Ball
2-0: Swinging Strike
2-1: SINGLE (Groundball, 34D)
Pitching: RHP Pablo Sandoval
Batting: LHB Gary Kern 0-0: Ball
1-0: Foul Ball, location: 2F
1-1: SINGLE (Line Drive, 4D)
Dennis Stephenson to second
Batting: RHB Robinson Pacheco 0-0: Ground out 5-3 (Groundball, 56S)
Dennis Stephenson to third
Gary Kern to second
Batting: LHB Juan García 0-0: Intentional Walk
Batting: LHB Javier Escobedo 0-0: Ball
1-0: Ball
2-0: Called Strike
2-1: SINGLE (Groundball, 2L) (infield hit)
Dennis Stephenson scores
Gary Kern to third
Juan García to second
Batting: RHB Tae-kwon Kwon 0-0: Called Strike
0-1: Called Strike
0-2: Ball
1-2: Grounds into double play, 1-2-3 (Groundball, 13)
Top of the 6th over - 1 run(s), 3 hit(s), 0 error(s), 2 left on base; Mexico City 12 - Albuquerque 7
BOTTOM OF THE 6TH
Albuquerque Isotopes batting - Pitching for Mexico City Cerveceros : RHP Tex Perkins
Batting: LHB A.J. Major 0-0: SINGLE (Groundball, 6MD)
Batting: RHB Arturo García 0-0: Called Strike
0-1: Swinging Strike
0-2: Strikes out swinging
Batting: RHB Gonzalo Gil 0-0: Called Strike
0-1: SINGLE (Line Drive, 8LS)
A.J. Major to second
Batting: LHB Bernardo Montés 0-0: Called Strike
0-1: Ball
1-1: Swinging Strike
1-2: Ball
2-2: Ball
3-2: Strikes out swinging
Batting: LHB Mark Vestal 0-0: Foul Ball, location: 2F
0-1: Foul Ball, location: 2F
0-2: Ball
1-2: Fielders Choice at 2nd, 6-4 (Groundball, 6)
Bottom of the 6th over - 0 run(s), 2 hit(s), 0 error(s), 1 left on base; Mexico City 12 - Albuquerque 7
TOP OF THE 7TH
Mexico City Cerveceros batting - Pitching for Albuquerque Isotopes : RHP Pablo Sandoval
Batting: LHB Richard Hunter 0-0: Fly out, F8 (Flyball, 8LS)
Batting: LHB Eduardo Gómez 0-0: Ball
1-0: Ball
2-0: SINGLE (Groundball, 34D)
Batting: RHB Hamilton Holbrook 0-0: Ball
1-0: Foul Ball, location: 2F
1-1: Fly out, F8 (Flyball, 8RS)
Batting: RHB Dennis Stephenson 0-0: Swinging Strike
0-1: Ball
Wild Pitch!
Eduardo Gómez to second
Balk!
Eduardo Gómez to third
1-1: Intentional Walk
Batting: LHB Gary Kern 0-0: Ball
Wild Pitch!
Eduardo Gómez scores
Dennis Stephenson to second
1-0: Ball
2-0: Ball
3-0: Base on Balls
Batting: RHB Robinson Pacheco 0-0: Called Strike
0-1: Ball
1-1: Fly out, F6 (Line Drive, 6)
Top of the 7th over - 1 run(s), 1 hit(s), 0 error(s), 2 left on base; Mexico City 13 - Albuquerque 7
BOTTOM OF THE 7TH
Albuquerque Isotopes batting - Pitching for Mexico City Cerveceros : RHP Tex Perkins
Batting: LHB António De Los Ángeles 0-0: Ball
1-0: Swinging Strike
1-1: Swinging Strike
1-2: Ground out 4-3 (Groundball, 4)
Pitching: LHP Rubén Rico
Batting: RHB Alfonso Huertas 0-0: SINGLE (Groundball, 3D)
Batting: RHB Juan Alberto 0-0: Called Strike
0-1: Foul Ball, location: 2F
0-2: Ball
1-2: Ball
2-2: Strikes out looking
Batting: RHB Lorenzo Ayala 0-0: Ball
1-0: Called Strike
1-1: Called Strike
1-2: Ball
2-2: Ground out 4-3 (Groundball, 4S)
Bottom of the 7th over - 0 run(s), 1 hit(s), 0 error(s), 1 left on base; Mexico City 13 - Albuquerque 7
TOP OF THE 8TH
Mexico City Cerveceros batting - Pitching for Albuquerque Isotopes : RHP Pablo Sandoval
Batting: LHB Juan García 0-0: Fly out, F7 (Flyball, 7S)
Batting: LHB Javier Escobedo 0-0: Ball
1-0: Foul Ball, location: 2F
1-1: Fly out, F7 (Line Drive, 7S)
Batting: RHB Tae-kwon Kwon 0-0: Ball
1-0: Ball
2-0: Ball
3-0: Base on Balls
Batting: LHB Richard Hunter 0-0: Ball
Tae-kwon Kwon steals 2nd base
1-0: Ball
2-0: Ball
3-0: SINGLE (Groundball, 6MS) (infield hit)
Tae-kwon Kwon to third
Batting: LHB Eduardo Gómez 0-0: Called Strike
0-1: Foul Ball, location: 2F
0-2: Foul Ball, location: 2F
0-2: Fly out, F7 (Flyball, 7D)
Top of the 8th over - 0 run(s), 1 hit(s), 0 error(s), 2 left on base; Mexico City 13 - Albuquerque 7
BOTTOM OF THE 8TH
Albuquerque Isotopes batting - Pitching for Mexico City Cerveceros : LHP Rubén Rico
Batting: LHB A.J. Major 0-0: Ball
1-0: Called Strike
1-1: SINGLE (Groundball, 56D)
Batting: RHB Arturo García 0-0: Called Strike
0-1: Ball
1-1: Foul Ball, location: 2F
1-2: Ball
2-2: SINGLE (Groundball, 4D)
A.J. Major to second
Runner from 2nd tries for 3rd, SAFE, no throw
Batting: RHB Gonzalo Gil 0-0: Called Strike
0-1: Fly out, F7 (Line Drive, 78M)
Runner from 3rd tags up, SCORES, no throw
Batting: LHB Bernardo Montés 0-0: SINGLE (Line Drive, 89M)
Arturo García to second
Runner from 2nd tries for 3rd, SAFE, throw made to third
Batting: LHB Mark Vestal 0-0: Ball
1-0: Swinging Strike
1-1: Foul Ball, location: 2F
1-2: Ball
2-2: Foul Ball, location: 2F
2-2: Ball
3-2: Foul Ball, location: 2F
3-2: Base on Balls
Bernardo Montés to second
Pitching: RHP Dae-hee Ch'oe
Batting: LHB António De Los Ángeles 0-0: Called Strike
0-1: Ground out 3-1 (Groundball, 3D)
Arturo García scores
Bernardo Montés to third
Mark Vestal to second
Batting: RHB Alfonso Huertas 0-0: Called Strike
0-1: Foul Ball, location: 2F
0-2: Ball
1-2: Strikes out swinging
Bottom of the 8th over - 2 run(s), 3 hit(s), 0 error(s), 2 left on base; Mexico City 13 - Albuquerque 9
TOP OF THE 9TH
Mexico City Cerveceros batting - Pitching for Albuquerque Isotopes : RHP Pablo Sandoval
Batting: RHB Hamilton Holbrook 0-0: Called Strike
0-1: Ball
1-1: SOLO HOME RUN (Flyball, 78XD), Distance : 407 ft
Batting: RHB Dennis Stephenson 0-0: Foul Ball, location: 2F
0-1: Ball
1-1: Ball
2-1: Ball
3-1: Base on Balls
Batting: LHB Gary Kern 0-0: DOUBLE (Line Drive, 7LM)
Dennis Stephenson to third
Batting: RHB Robinson Pacheco 0-0: Intentional Walk
Batting: LHB Juan García 0-0: Fly out, F9 (Flyball, 89D)
Runner from 3rd tags up, SCORES, no throw
Batting: LHB Javier Escobedo 0-0: Called Strike
0-1: Foul Ball, location: 2F
0-2: Ball
1-2: Ball
2-2: Ball
3-2: Base on Balls
Gary Kern to third
Robinson Pacheco to second
Batting: RHB Tae-kwon Kwon 0-0: Ball
1-0: Called Strike
1-1: Fly out, F7 (Flyball, 7S)
Batting: LHB Richard Hunter 0-0: Ball
1-0: Foul Ball, location: 2F
1-1: Called Strike
1-2: Ball
2-2: Ball
3-2: Base on Balls
Gary Kern scores
Robinson Pacheco to third
Javier Escobedo to second
Batting: LHB Eduardo Gómez 0-0: Ball
1-0: Swinging Strike
1-1: Ball
2-1: Foul Ball, location: 2F
2-2: Ball
3-2: Fly out, F4 (Popup, 4)
Top of the 9th over - 3 run(s), 2 hit(s), 0 error(s), 3 left on base; Mexico City 16 - Albuquerque 9
BOTTOM OF THE 9TH
Albuquerque Isotopes batting - Pitching for Mexico City Cerveceros : RHP Dae-hee Ch'oe
Now in LF: Collin Smith
Batting: RHB Juan Alberto 0-0: Ball
1-0: Ball
2-0: Ball
3-0: Called Strike
3-1: Base on Balls
Batting: RHB Lorenzo Ayala 0-0: DOUBLE (Groundball, 5L)
Juan Alberto to third
Batting: LHB A.J. Major 0-0: SINGLE (Groundball, 56S) (infield hit)
Juan Alberto scores
Lorenzo Ayala to third
Batting: RHB Arturo García 0-0: Called Strike
0-1: Ball
1-1: Foul Ball, location: 2F
1-2: Ball
2-2: Strikes out swinging
Batting: RHB Gonzalo Gil 0-0: SINGLE (Groundball, 5S) (infield hit)
Lorenzo Ayala scores
A.J. Major to second
Pitching: RHP Clint Tancock
Batting: LHB Bernardo Montés 0-0: Ball
1-0: Ground out 6-3 (Groundball, 6S)
A.J. Major to third
Gonzalo Gil to second
Batting: LHB Mark Vestal 0-0: Ball
1-0: Swinging Strike
1-1: Fly out, F7 (Line Drive, 78S)
Bottom of the 9th over - 2 run(s), 3 hit(s), 0 error(s), 2 left on base; Mexico City 16 - Albuquerque 11
Thursday, March 30th, 2017 - OOTP Baseball 17.12 Build 75